 Dungeon Crawl Stone Soup version 0.27-a0-1136-g0b992a5a9d (webtiles) character file.

Game seed: 18027838492435995865

48 robertstho the Skirmisher (level 3, 0/29 HPs)
             Began as a Demonspawn Berserker on May 5, 2021.
             Was a Believer of Trog.
             Slain by a quasit (1 damage)
             ... summoned by the player character
             ... on level 2 of the Dungeon.
             The game lasted 00:01:47 (1589 turns).

robertstho the Skirmisher (Demonspawn Berserker)    Turns: 1589, Time: 00:01:48

Health: 0/29       AC:  5    Str: 18    XL:     3   Next: 50%
Magic:  3/3        EV: 10    Int:  8    God:    Trog [**....]
Gold:   42         SH:  3    Dex: 12    Spells: 2/2 levels left

rFire    . . .     SeeInvis .   a - +0 falchion
rCold    . . .     Faith    .   b - +0 buckler
rNeg     . . .     Spirit   .   g - +0 ring mail
rPois    .         Reflect  .   (no helmet)
rElec    .         Harm     .   (no cloak)
rCorr    .         Rampage  .   (no gloves)
Will     .....                  (no boots)
Stlth    +.........             (no amulet)
HPRegen  0.09/turn              (no ring)
MPRegen  0.08/turn              (no ring)

@: on berserk cooldown, slowed, very slow
A: demonic guardian 1
a: Renounce Religion, Berserk, Trog's Hand


You were on level 2 of the Dungeon.
You worshipped Trog.
Trog was pleased with you.
You visited 1 branch of the dungeon, and saw 2 of its levels.

You collected 42 gold pieces.

Inventory:

Hand Weapons
 a - a +0 falchion (weapon)
Armour
 b - a +0 buckler (worn)
 g - a +0 ring mail (worn)


   Skills:
 * Level 3.6 Fighting
 + Level 3.2 Long Blades
 * Level 2.1 Armour
 + Level 2.0 Dodging


You had 2 spell levels left.
You didn't know any spells.
Your spell library was empty.

Dungeon Overview and Level Annotations

Branches:
Dungeon (2/15)

Altars:

Annotations:
D:2 Sigmund


Innate Abilities, Weirdness & Mutations

A weak demonic guardian rushes to your aid.


Message History

Sigmund barely misses you.
The ball python's grasp on you weakens, but your attempt to escape fails.
You feel a strong urge to attack something.
The ball python bites you but does no damage.
The ball python constricts you.
You escape the ball python's grasp.
You are no longer berserk.
You are exhausted.
You feel yourself slow down.
Sigmund hits you from afar with a +0 scythe.
You see here a +0 leather armour.
You feel better.
Sigmund gestures at himself while chanting.
Sigmund flickers and vanishes!
Deactivating autopickup; reactivate with Ctrl-A.
The ball python bites you. The ball python barely misses you.
Something hits you. The ball python barely misses you.
The ball python misses you. Something hits you!
A demonic guardian appears!
The ball python bites you but does no damage.
The ball python closely misses you. Something hits you!
* * * LOW HITPOINT WARNING * * *
Your quasit closely misses the ball python.
Your quasit claws the ball python. x2
The ball python dies!
Trog accepts your kill.
A puff of flame appears from out of thin air!
The puff of flame hits your quasit.
Your quasit resists.
You hear some strange, mumbled words.
Your quasit appears confused.
Your quasit bites you.
* * * LOW HITPOINT WARNING * * *
A demonic guardian appears!
Your quasit closely misses you.
Your quasit barely misses you.
Your quasit bites you but does no damage.
Your quasit claws you.
* * * LOW HITPOINT WARNING * * *
Your quasit claws you.
You die...

... # # .... .#. #..
#.# ##..#### #.#
.......# #.# # .....#
#.# ... #
#..#####.##...## .
#.#....{.5@....... .#
#..#.#.[.####5##...##
.# #.......# #.# .#
.# #....#..## #.. ##.
..##.#..######## #
#.. # #.........#
##.##.# ###..####.#
#.....# #..# #.# #.#
....# #.# # # #)##


You could see 2 friendly quasits.

Vanquished Creatures
  A worm (D:2)
  A dart slug (D:1)
  3 ball pythons
  3 bats
  2 endoplasms (D:1)
  2 giant cockroaches
  5 goblins
  4 hobgoblins
  7 jackals (D:1)
  A quokka (D:2)
  A frilled lizard (D:1)
  3 kobolds (D:1)
  2 rats
35 creatures vanquished.

Vanquished Creatures (collateral kills)
  A kobold (D:1)
  A ball python (D:2)
2 creatures vanquished.

Grand Total: 37 creatures vanquished

Notes
Turn   | Place    | Note
-------+----------+-------------------------------------------
     0 | D:1      | robertstho the Demonspawn Berserker began the quest for the
                  | Orb.
     0 | D:1      | Reached XP level 1. HP: 18/18 MP: 1/1
   140 | D:1      | Gained mutation: A weak demonic guardian rushes to your
                  | aid. [demonic ancestry]
   140 | D:1      | Reached XP level 2. HP: 18/24 MP: 2/2
   292 | D:1      | Found a faded altar of an unknown god.
   329 | D:1      | Reached ** piety under Trog
   486 | D:1      | Reached XP level 3. HP: 22/29 MP: 3/3
  1568 | D:2      | Noticed Sigmund
  1589 | D:2      | HP: 1/29 [quasit[the player character] (2)]
  1589 | D:2      | Slain by a quasit

Illustrated notes

Levels and vault maps discovered:
D:1:      dpeg_chamrin_arrival_tetris, layout_basic,
          shapermc_ecumenical_altar_mp_highgroup, minmay_tiny_reverse_x
D:2:      layout_loops_ring, uniq_sigmund

Skill      XL: |  1  2 |
---------------+-------+-----
Long Blades    | 3 |  3.2
Armour         | 2 |  2.1
Dodging        | 2 |  2.0
Fighting       | |  3.6

Action                   || total
-------------------------++-------
Melee: Falchion          ||   105
Invok: Berserk           ||     5
  Use: Scroll            ||     2
       Potion            ||     1
Armor: Animal skin       ||    21
       Ring mail         ||    12
Dodge: Dodged            ||    97
Block: Buckler           ||     2
       Rpst.: Falchion   ||    26

Table legend: (Time is in decaauts)
 A = Elapsed time spent in this place.
 B = Non-inter-level travel time spent in this place.
 C = Inter-level travel time spent in this place.
 D = Time resting spent in this place.
 E = Time spent auto-exploring this place.
 F = Levels seen in this place.
 G = Mean time per level.
                   A        B        C        D        E       F      G
               +--------+--------+--------+--------+--------+-----+--------+
         Total |   1647 |   1491 |    156 |    241 |    968 |   2 |  823.5 |
       Dungeon |   1647 |   1491 |    156 |    241 |    968 |   2 |  823.5 |
               +--------+--------+--------+--------+--------+-----+--------+

Top non-repeatable levels by time:
     D:1: 1199 daAuts
     D:2: 448 daAuts
